Map: Magannatha LE

Players

wintermute - Winner!

  • Race: Protoss Protoss
  • Spawn Location: 11:00

ManlyManMeat

  • Race: Zerg Zerg
  • League: Diamond
  • Spawn Location: 5:00

VOD

Have the link to the VOD?

Description

Time

  • Played on: June 22, 2025, 10:54 a.m.
  • Length: 2:01
Show
View Real Time Build Order
Export as new Build Order

wintermute Protoss - Winner!

Build Orders: Cannon Rush 

Get SALT Encoding   

  12  0:01  Probe  
  13  0:13  Probe  
  14  0:22  Pylon  
  14  0:27  Probe  
  15  0:40  Probe  
  16  0:46  Forge  
  16  0:56  Pylon  
  16  0:58  Probe  
  17  1:18  Gateway  
  17  1:21  Photon Cannon  
  17  1:30  Photon Cannon  
  17  1:45  Photon Cannon  
  17  1:47  Pylon  
Show
View Real Time Build Order
Export as new Build Order

ManlyManMeat Zerg 

Build Orders: Hatch First 

Get SALT Encoding   

  12  0:00  Drone  
  13  0:07  Drone  
  13  0:14  Extractor  
  13  0:15  Drone  
  15  0:21  Overlord  
  15  0:41  Drone  
  16  0:47  Hatchery  
  15  0:50  Drone  
  15  0:55  Drone  
  17  1:00  Drone  
  18  1:17  Spawning Pool  
  17  1:18  Extractor  
  17  1:22  Drone x2  
  18  1:28  Drone  
Tags
 
Add a new tag
Caveats
  • Supply blocks, unpowered buildings, or Contaminate may cause inaccurate times.
  • Supply counts are checked every 10 seconds.